 Dungeon Crawl Stone Soup version 0.32-a0-921-g04a7ad8e02 (webtiles) character file.

Game seed: 5256127128514774826

171986 OboWinRate the Executioner (level 17, -2/176 HPs)
             Began as a Minotaur Berserker on Apr 11, 2024.
             Was the Champion of Trog.
             Asphyxiated
             ... on level 4 of the Snake Pit.
             The game lasted 01:12:44 (28467 turns).

OboWinRate the Executioner (Minotaur Berserker)    Turns: 28467, Time: 01:12:45

Health: -2/176     AC: 27    Str: 44    XL:     17   Next: 40%
Magic:  0/25       EV: 15    Int:  6    God:    Trog [******]
Gold:   919        SH:  8    Dex: 21    Spells: 16/16 levels left

rFire   . . .        m - +9 battleaxe of Luxury {speed, rPois}
rCold   + . .        (shield currently unavailable)
rNeg    . . .        M - +4 chain mail
rPois   .            f - +1 hat {Stlth+}
rElec   +            z - +2 cloak
rCorr   .            e - +2 pair of gloves {Str+3}
SInv    .            F - +0 pair of boots of Pandemonium {Str+5 Dex+5 Stlth+}
Will    +....        Q - brooch of Shielding {Spirit SH+8}
Stlth   +            c - ring "Gadgh" {rElec rC+ MP+9 Str+6}
HPRegen 0.49/turn    v - ring of Modesty {^Drain +Blink rPois Int+2 Dex+6}
MPRegen 0.19/turn

%: guardian spirit
@: lethally poisoned (-2 -> -26), about to teleport, weakened, poison
vulnerable, on berserk cooldown, invisible
A: horns 2, retaliatory headbutt
a: Renounce Religion, Evoke Blink, Berserk, Trog's Hand, Brothers in Arms


You were on level 4 of the Snake Pit.
You worshipped Trog.
Trog was exalted by your worship.
You visited 3 branches of the dungeon, and saw 24 of its levels.
You also visited: Sewer, Ossuary, Bailey and Gauntlet.

You collected 3482 gold pieces.
You spent 2563 gold pieces at shops.

Inventory:

Hand Weapons
 m - the +9 battleaxe of Luxury (weapon) {speed, rPois}
   (You bought it in a shop on level 1 of the Snake Pit)

   rPois:     It protects you from poison.
Missiles
 k - 9 javelins (quivered)
 y - 8 throwing nets
Armour
 e - a +2 pair of gloves of strength (worn)
 f - a +1 hat of stealth (worn)
 z - a +2 cloak (worn)
 F - the +0 pair of boots of Pandemonium (worn) {Str+5 Dex+5 Stlth+}
   (You found it in a bailey)

   Str+5:     It affects your strength (+5).
   Dex+5:     It affects your dexterity (+5).
   Stlth+:    It makes you more stealthy.
 M - a +4 chain mail (worn)
Jewellery
 c - the ring "Gadgh" (left hand) {rElec rC+ MP+9 Str+6}
   (You found it in a Gauntlet)

   [ring of strength]

   Str+6:     It affects your strength (+6).
   rC+:       It protects you from cold.
   rElec:     It insulates you from electricity.
   MP+9:      It affects your magic capacity (+9).
 v - the ring of Modesty (right hand) {^Drain +Blink rPois Int+2 Dex+6}
   (You found it in a Gauntlet)

   [ring of dexterity]

   Int+2:     It affects your intelligence (+2).
   Dex+6:     It affects your dexterity (+6).
   rPois:     It protects you from poison.
   +Blink:    It lets you blink.
   ^Drain:    It drains your maximum health when unequipped.
 C - a ring of resist corrosion
 I - a ring of protection from cold
 Q - the brooch of Shielding (around neck) {Spirit SH+8}
   (You bought it in a shop on level 1 of the Dungeon)

   [amulet of guardian spirit]

   Spirit:    It causes incoming damage to be divided between your reserves of
   health and magic.
   SH+8:      It affects your SH (+8).
 S - a ring of see invisible
Wands
 a - a wand of paralysis (19)
 G - a wand of iceblast (33)
 O - a wand of light (10)
 V - a wand of mindburst (17)
 Y - a wand of polymorph (5)
Scrolls
 b - a scroll of fog
 g - 2 scrolls of fear
 i - 2 scrolls of identify
 r - 2 scrolls of butterflies
 t - 9 scrolls of teleportation
 w - a scroll of enchant weapon
 E - 7 scrolls of poison
 L - 8 scrolls of revelation
 P - 2 scrolls of immolation
 W - 4 scrolls of vulnerability
 X - 2 scrolls of silence
 Z - 5 scrolls of enchant armour
Potions
 d - 2 potions of might
 h - 7 potions of haste
 j - 6 potions of brilliance
 l - a potion of heal wounds
 n - 4 potions of resistance
 o - 8 potions of enlightenment
 p - 8 potions of mutation
 q - a potion of curing
 s - 3 potions of invisibility
 x - 2 potions of magic
 A - 3 potions of berserk rage
 D - 6 potions of attraction
 H - 3 potions of ambrosia
 J - a potion of cancellation {unknown}
 K - 2 potions of lignification
Miscellaneous
 u - a phantom mirror (inert)
 N - a condenser vane (inert)


   Skills:
 * Level 21.8 Fighting
 - Level 24.0 Axes
 - Level 4.0 Throwing
 - Level 16.0 Armour
 + Level 8.8 Dodging
 - Level 4.0 Evocations


You had 16 spell levels left.
You didn't know any spells.
Your spell library was empty.

Dungeon Overview and Level Annotations

Branches:
Dungeon (15/15)            Temple (0/1) D:7            Lair (5/5) D:10
  Swamp (0/4) Lair:3        Snake (4/4) Lair:2        Slime (0/5) Lair:4
    Orc (0/2) D:11         Vaults (0/5) D:13         Depths (0/4) D:15
  Sewer (visited)         Ossuary (visited)          Bailey (visited)
Gauntlet (visited)

Altars:
Ashenzari
Dithmenos
Elyvilon
Gozag
Nemelex Xobeh
Qazlal
Uskayaw
Vehumet
Wu Jian
Zin
The Shining One

Shops:
D:1 (*=(   D:2 [   D:6 *   D:12 [   D:13 **   Snake:1 *   Snake:3 [[[(

Annotations:
D:1 exclusion: downstairs
D:13 3 runed translucent doors, Mow Saja's ghost, journeyman DjCj
Lair:2 exclusion: 2 downstairs
Lair:3 exclusion: oklob plant
Lair:4 exclusion: downstairs


Innate Abilities, Weirdness & Mutations

You have a pair of horns on your head.
You reflexively headbutt those who attack you in melee.


Message History

The salamander tyrant hits your salamander tyrant.
Your salamander tyrant is engulfed in flames.
Your salamander tyrant completely resists.
The naga sharpshooter hits your salamander tyrant with a +0 scimitar!!
Your salamander tyrant dies!
Your salamander tyrant's corpse shimmers and vanishes!
The salamander is engulfed in acidic fog.
The acid corrodes the salamander!
The naga warrior spits poison at you. The splash of poison hits you.
You are poisoned.
* * * LOW HITPOINT WARNING * * *
The anaconda is engulfed in noxious fumes.
The naga sharpshooter unwields a +0 scimitar.
The naga sharpshooter wields a +0 longbow.
The naga sharpshooter shoots an arrow.
The arrow hits you!
* * * LOW HITPOINT WARNING * * *
The salamander is engulfed in poison gas.
The salamander looks even sicker.
The salamander hits you but does no damage.
You take 17 damage, and have 23/176 hp.
You now have 1/25 mp.
You feel better.
The naga warrior roars a battlecry!
The nagas go into a battle-frenzy!
The salamander looks even sicker.
The salamander barely misses you.
You regained 9 hp, and now have 32/176 hp.
You feel better.
The salamander tyrant rends the earth beneath you!
The blast of magma engulfs you!!!
* * * LOW HITPOINT WARNING * * *
The blast of magma engulfs the naga warrior!!!
The blast of magma engulfs the naga ritualist!!!
The blast of magma engulfs the salamander!!
The salamander partially resists.
The naga warrior completely misses you. You block the naga warrior's attack.
The naga ritualist spits poison at you.
The splash of poison hits you but does no damage.
You are lethally poisoned!
You have difficulty breathing.
You die...

#................#...........##
#...<.)..####..##.....########
##........### #.#.........$.##
####..##...### ##.......)...##
#.##..###...# #########§...#.
###.....###..###.§N§§N§§§..###
#.##....######...†)N§N§§§###.#
#..#.......##.§.S)#########..#
##.......####@N≈.## #..###..
#.#..##.## ##NNNN.####.......
#....##..# ##N§§.§§§###.....
###..###.# ##.§NN§..######.
##.##### ####N§§## ###.# #..#
##§§§§.# #..## #..#
#§§N§§§...##... #..#
#.§§..⌠.....#### #..#
##...........


You could see a nagaraja (fast, strong), 2 naga warriors, a naga sharpshooter
(strong), 2 salamander tyrants, 2 salamanders, an anaconda (unable to see you,
poisoned, corroded), 2 naga ritualists and a naga mage (strong).

Vanquished Creatures
  Vashnia (Snake:3)
  Nikola (Snake:3)
  Rupert (Snake:1)
  Asterion (Snake:1)
  Frances (Snake:1)
  Kirke (Lair:4)
  Agnes (Snake:4)
  A nagaraja (Snake:4)
  Aizul (Snake:3)
  A cacodemon (Gauntlet)
  An ironbound preserver (D:13)
  Nessos (Lair:4)
  A minotaur (Gauntlet)
  2 dire elephants
  An entropy weaver (shapeshifter) (D:14)
  Fannar (Lair:3)
  Harold (D:10)
  A salamander tyrant (Snake:2)
  2 rakshasas (D:13)
  6 hydras
  An ogre mage (D:15)
  A sphinx zombie (D:15)
  A catoblepas (D:13)
  4 centaur warriors
  4 boulder beetles
  9 two-headed ogres
  11 anacondas
  3 tengu warriors
  3 shock serpents
  A vampire mage (D:15)
  2 death yaks (Lair:2)
  15 naga warriors
  10 naga sharpshooters
  Sonja (D:11)
  4 skysharks
  Lodul (D:11)
  A goliath frog (Lair:5)
  7 skeletal warriors (D:15)
  A salamander mystic (Snake:4)
  A spark wasp zombie (D:15)
  2 spriggan druids (Lair:3)
  12 mana vipers
  7 naga ritualists
  A storm dragon skeleton (D:15)
  A lindwurm (Lair:5)
  3 deep elf pyromancers
  6 cyclopes
  12 ugly things
  A necromancer (D:15)
  10 salamanders
  2 manticores
  39 elephants
  A worldbinder (Gauntlet)
  12 naga magi
  4 centaur zombies (D:12)
  A guardian serpent (Snake:4)
  2 torpor snails
  35 black mambas
  24 cane toads
  2 gargoyles
  A freezing wraith (D:14)
  4 rime drakes
  An efreet (D:13)
  An unseen horror (D:12)
  2 tengu conjurers
  12 komodo dragons
  A merfolk (D:11)
  2 tyrant leeches (Lair:5)
  Prince Ribbit (Lair:3)
  5 polar bears
  3 trolls
  26 blink frogs
  A dream sheep (Lair:4)
  7 hornets
  6 slime creatures (D:12)
  6 shadows
  4 wraiths
  4 wyverns
  3 spriggans
  52 yaks
  6 vampires
  2 hogs (Lair:4)
  12 vampire mosquitoes
  4 basilisks
  3 neqoxecs (Gauntlet)
  A steam dragon (D:8)
  25 nagas
  3 acid dragons
  9 water moccasins
  A sky beast (D:6)
  9 orc warriors
  4 black bears
  A black bear (shapeshifter) (D:14)
  An ice beast (D:5)
  9 wolves
  11 ogres
  6 centaurs
  A boggart (Gauntlet)
  2 phantoms (D:4)
  A weeping skull (Ossuary)
  A bullfrog (shapeshifter) (D:15)
  12 kobold brigands
  20 bullfrogs
  A scorpion (D:7)
  2 burial acolytes (Ossuary)
  7 wights
  11 killer bees (D:10)
  A howler monkey (D:10)
  14 jellies
  3 orc priests (D:9)
  3 bombardier beetles
  3 hounds
  2 gnoll boudas
  2 human zombies (Ossuary)
  A sleepcap (D:6)
  Jessica (D:2)
  Ijyb (D:4)
  9 orc wizards
  2 iguanas
  A hell rat (D:10)
  3 hound zombies (Ossuary)
  2 mummies (Ossuary)
  Robin (D:3)
  19 gnolls
  15 adders
  A river rat (D:10)
  A white imp (D:8)
  2 dart slugs
  3 ribbon worms
  39 orcs
  8 bats
  9 endoplasms
  5 giant cockroaches
  3 gnoll zombies (Ossuary)
  17 goblins
  11 hobgoblins
  3 jackals
  39 kobolds
  9 quokkas
  12 ball pythons
  6 frilled lizards
  6 orc zombies (Ossuary)
  5 rats
  A spectral weapon (Snake:1)
855 creatures vanquished.

Vanquished Creatures (others)
  A nagaraja (Snake:4)
  A human (Lair:4)
2 creatures vanquished.

Grand Total: 857 creatures vanquished

Notes
Turn   | Place    | Note
-------+----------+-------------------------------------------
     0 | D:1      | OboWinRate the Minotaur Berserker began the quest for the
                  | Orb.
     0 | D:1      | Reached XP level 1. HP: 19/19 MP: 0/0
   138 | D:1      | Reached XP level 2. HP: 22/27 MP: 1/1
   268 | D:1      | Found Jodirgh's Jewellery Emporium.
   268 | D:1      | Found Wuorya's Antique Weapon Shop.
   340 | D:1      | Found Mirphot's General Store.
   404 | D:1      | Bought a scroll of identify for 24 gold pieces
   421 | D:1      | Found Biangaap's Antique Weapon Shop.
   514 | D:1      | Reached skill level 4 in Axes
   579 | D:2      | Noticed Jessica
   599 | D:2      | Found Wecas's Antique Armour Shoppe.
   616 | D:2      | Reached XP level 3. HP: 24/33 MP: 2/2
   625 | D:2      | Killed Jessica
   662 | D:2      | Reached XP level 4. HP: 38/40 MP: 3/3
   774 | D:2      | Reached ** piety under Trog
   852 | D:2      | Saving game... please wait.
   852 | D:2      | Saving game... please wait.
   853 | D:2      | Saving game... please wait.
   853 | D:2      | Saving game... please wait.
   854 | D:2      | Saving game... please wait.
   854 | D:2      | Saving game... please wait.
   863 | D:2      | Saving game... please wait.
  1003 | D:2      | Found a white marble altar of Elyvilon.
  1010 | D:2      | Reached skill level 5 in Axes
  1147 | D:2      | Found a faded altar of an unknown god.
  1182 | D:3      | Noticed Robin
  1188 | D:3      | Killed Robin
  1189 | D:3      | Reached XP level 5. HP: 46/46 MP: 4/4
  1319 | D:3      | Reached skill level 6 in Axes
  1595 | D:3      | Reached *** piety under Trog
  2110 | D:4      | Found a glowing drain.
  2129 | D:4      | Saving game... please wait.
  2132 | Sewer    | Entered a sewer
  2242 | Sewer    | Reached XP level 6. HP: 47/52 MP: 5/5
  2367 | Sewer    | Reached skill level 1 in Throwing
  2417 | Sewer    | Saving game... please wait.
  2854 | D:4      | Reached skill level 7 in Axes
  2854 | D:4      | Reached XP level 7. HP: 58/60 MP: 4/6
  2912 | D:4      | Saving game... please wait.
  3094 | D:4      | Reached skill level 5 in Fighting
  3094 | D:4      | Reached skill level 5 in Armour
  3501 | D:4      | Noticed Ijyb
  3507 | D:4      | Killed Ijyb
  3661 | D:4      | Identified the +4 quarterstaff of the Heart {flame, *Noise
                  | rF- rCorr SInv}
  3704 | D:5      | Entered Level 5 of the Dungeon
  3790 | D:5      | Reached skill level 8 in Axes
  3795 | D:5      | Reached **** piety under Trog
  3797 | D:5      | Reached XP level 8. HP: 30/69 MP: 2/7
  3974 | D:5      | Found a sand-covered staircase.
  3983 | Ossuary  | Entered an ossuary
  4034 | Ossuary  | Found an ancient bone altar of Kikubaaqudgha.
  4872 | D:5      | Reached skill level 9 in Axes
  4877 | D:5      | Found an opulent altar of Gozag.
  5693 | D:6      | Identified the +7 shortbow "Wietoem" {freeze, rN+ Str+2
                  | Int+3}
  6168 | D:6      | Found Winnusmexie's General Store.
  6171 | D:6      | Bought a wand of iceblast (4) for 134 gold pieces
  6171 | D:6      | Bought a potion of haste for 140 gold pieces
  6280 | D:6      | Reached XP level 9. HP: 78/78 MP: 8/8
  6379 | D:6      | Reached skill level 10 in Axes
  7072 | D:6      | Found a glowing silver altar of Zin.
  7101 | D:7      | Noticed a two-headed ogre
  7111 | D:7      | Killed a two-headed ogre
  7112 | D:7      | Reached skill level 1 in Evocations
  7133 | D:7      | Found a staircase to the Ecumenical Temple.
  7249 | D:7      | Reached skill level 11 in Axes
  8166 | D:8      | Reached XP level 10. HP: 88/88 MP: 9/9
  8647 | D:8      | Reached skill level 12 in Axes
  8793 | D:8      | Found a radiant altar of Vehumet.
  8796 | D:8      | Found an ornate altar of the Wu Jian Council.
  8798 | D:8      | Found a broken altar of Ashenzari.
  9500 | D:9      | Reached ***** piety under Trog
  9539 | D:9      | Found a flagged portal.
  9551 | Bailey   | Entered a bailey
  9688 | Bailey   | Found a bloodstained altar of Trog.
  9810 | Bailey   | Identified the +0 pair of boots of Pandemonium {Str+5 Dex+5
                  | Stlth+}
  9932 | D:9      | Reached skill level 13 in Axes
 10101 | D:9      | Noticed a two-headed ogre
 10109 | D:9      | Killed a two-headed ogre
 10175 | D:9      | Reached XP level 11. HP: 82/99 MP: 7/10
 10339 | D:9      | Found a shadowy altar of Dithmenos.
 10526 | D:10     | Entered Level 10 of the Dungeon
 10559 | D:10     | Noticed a two-headed ogre
 10566 | D:10     | Killed a two-headed ogre
 10635 | D:10     | Reached skill level 10 in Fighting
 10707 | D:10     | Found a stormy altar of Qazlal.
 10959 | D:1      | Bought the brooch of Shielding {Spirit SH+8} for 650 gold
                  | pieces
 10959 | D:1      | Found the brooch of Shielding {Spirit SH+8}
 11210 | D:10     | Reached skill level 14 in Axes
 11210 | D:10     | Reached skill level 10 in Armour
 11237 | D:10     | Found a staircase to the Lair.
 11258 | Lair:1   | Entered Level 1 of the Lair of Beasts
 11750 | Lair:1   | Reached skill level 15 in Axes
 12478 | Lair:2   | Reached XP level 12. HP: 102/110 MP: 6/11
 12625 | Lair:2   | Reached skill level 16 in Axes
 12739 | Lair:2   | Found a staircase to the Snake Pit.
 12755 | Lair:2   | Received a gift from Trog
 12786 | Lair:2   | Reached ****** piety under Trog
 13419 | Lair:3   | Noticed Fannar
 13518 | Lair:3   | Noticed a death yak
 13518 | Lair:3   | Noticed a death yak
 13528 | Lair:2   | Killed a death yak
 13634 | Lair:2   | Killed a death yak
 13767 | Lair:3   | Noticed Prince Ribbit
 13773 | Lair:3   | Killed Prince Ribbit
 13775 | Lair:3   | Reached skill level 17 in Axes
 13969 | Lair:3   | Found a glowing golden altar of the Shining One.
 14162 | Lair:3   | Reached XP level 13. HP: 119/119 MP: 12/12
 14199 | Lair:3   | Reached skill level 18 in Axes
 14466 | Lair:3   | Killed Fannar
 14738 | Lair:3   | Noticed a dire elephant
 14750 | Lair:3   | Killed a dire elephant
 15004 | Lair:3   | Found a staircase to the Swamp.
 15442 | Lair:4   | Found a staircase to the Slime Pits.
 15614 | Lair:4   | Reached skill level 19 in Axes
 15643 | Lair:4   | Noticed Nessos
 15669 | Lair:4   | Noticed Kirke
 15740 | Lair:4   | Killed Kirke
 15962 | Lair:4   | Killed Nessos
 16531 | Lair:5   | Entered Level 5 of the Lair of Beasts
 16669 | Lair:5   | Reached XP level 14. HP: 133/133 MP: 11/13
 16806 | Lair:5   | Reached skill level 20 in Axes
 17061 | Lair:5   | Received a gift from Trog
 17102 | Lair:5   | Reached skill level 15 in Fighting
 17102 | Lair:5   | Reached skill level 15 in Armour
 17131 | Lair:5   | Identified the +9 long sword of Calamity {venom, rN+}
 18466 | D:10     | Noticed Harold
 18473 | D:10     | Killed Harold
 18929 | D:10     | Found a sparkling altar of Nemelex Xobeh.
 18964 | D:10     | Received a gift from Trog
 19008 | D:10     | You fall into a shaft and drop 3 floors!
 19009 | D:13     | Noticed an ironbound preserver
 19009 | D:13     | Found a gate to the Vaults.
 19020 | D:13     | Noticed Mow Saja's ghost (journeyman DjCj)
 19027 | D:13     | Found a gate leading to a gauntlet.
 19060 | Gauntlet | Entered a Gauntlet
 19060 | Gauntlet | Found a transporter.
 19060 | Gauntlet | Found a transporter.
 19060 | Gauntlet | Found a transporter.
 19136 | Gauntlet | Found a transporter.
 19139 | Gauntlet | Found a transporter.
 19139 | Gauntlet | Found a transporter.
 19149 | Gauntlet | Found a transporter.
 19153 | Gauntlet | Found a transporter.
 19161 | Gauntlet | Noticed a cacodemon
 19165 | Gauntlet | Found a transporter.
 19269 | Gauntlet | Found a transporter.
 19270 | Gauntlet | Found a transporter.
 19279 | Gauntlet | Found a transporter.
 19328 | Gauntlet | Noticed a green very ugly thing
 19328 | Gauntlet | Noticed a white very ugly thing
 19349 | Gauntlet | Identified the ring "Gadgh" {rElec rC+ MP+9 Str+6}
 19439 | Gauntlet | Killed a cacodemon
 19450 | Gauntlet | Identified the ring of Modesty {^Drain +Blink rPois Int+2
                  | Dex+6}
 19458 | Gauntlet | Identified the +0 orcbow "Q" {antimagic, Int+2}
 19497 | Gauntlet | Identified the +7 longbow "Ownikoit" {antimagic, rPois rF+
                  | Str+3}
 19578 | D:13     | Reached skill level 21 in Axes
 19637 | D:12     | Reached XP level 15. HP: 130/144 MP: 14/14
 20189 | D:11     | Found a staircase to the Orcish Mines.
 20189 | D:11     | Noticed Sonja
 20196 | D:11     | Killed Sonja
 20344 | D:11     | Received a gift from Trog
 20570 | D:11     | Noticed Lodul
 20579 | D:11     | Killed Lodul
 21231 | D:12     | Found Poentuips's Armour Shoppe.
 21470 | D:13     | Found Jusori's Specific Store.
 21470 | D:13     | Found Zoruanae's General Store.
 21475 | D:13     | Reached skill level 22 in Axes
 21497 | D:13     | Bought 3 scrolls of revelation for 360 gold pieces
 21497 | D:13     | Bought a scroll of revelation for 120 gold pieces
 21835 | D:13     | Found a runed translucent gate.
 21835 | D:13     | Found a runed translucent gate.
 21835 | D:13     | Found a runed translucent gate.
 22180 | D:14     | Found a hide-covered altar of Uskayaw.
 22215 | D:14     | Identified a scroll of acquirement
 22218 | D:14     | Acquired 609 gold pieces
 23072 | D:15     | Entered Level 15 of the Dungeon
 23267 | D:15     | Reached skill level 23 in Axes
 23267 | D:15     | Found a staircase to the Depths.
 23276 | D:15     | Received a gift from Trog
 23521 | D:15     | Reached XP level 16. HP: 129/157 MP: 15/15
 24300 | Snake:1  | Entered Level 1 of the Snake Pit
 24399 | Snake:1  | Noticed Rupert
 24406 | Snake:1  | Killed Rupert
 24621 | Snake:1  | Reached skill level 24 in Axes
 24960 | Snake:1  | Identified the +4 trident of Tenacity {flame, rC+ rN+ Will-
                  | rCorr}
 25011 | Snake:1  | Found Peismes's Mayhem Merchandise.
 25021 | Snake:1  | Bought the +9 battleaxe of Luxury {speed, rPois} for 1135
                  | gold pieces
 25326 | Snake:1  | Noticed Frances
 25341 | Snake:1  | Killed Frances
 25434 | Snake:1  | Noticed Asterion
 25473 | Snake:1  | Noticed an Executioner
 25475 | Snake:1  | Killed Asterion
 25617 | Snake:1  | Reached skill level 5 in Dodging
 25772 | Snake:2  | Received a gift from Trog
 26808 | Snake:3  | Noticed Vashnia
 26830 | Snake:3  | Killed Vashnia
 27256 | Snake:3  | Reached XP level 17. HP: 164/172 MP: 10/16
 27465 | Snake:3  | Found Penleub's Armour Shop.
 27465 | Snake:3  | Found Uppol Non's Armour Boutique.
 27465 | Snake:3  | Identified the serpent talisman of Limitation {+Blink rF++
                  | rC+ Will+ Str-4}
 27465 | Snake:3  | Noticed Aizul
 27468 | Snake:3  | Noticed Nikola
 27476 | Snake:3  | Killed Aizul
 27477 | Snake:3  | Found Faekhad's Antique Weapon Shop.
 27478 | Snake:3  | Found Macro's Antique Armour Boutique.
 27480 | Snake:3  | Killed Nikola
 27906 | Snake:4  | Entered Level 4 of the Snake Pit
 28008 | Snake:4  | Found a broken altar of Ashenzari.
 28182 | Snake:4  | Noticed Agnes
 28189 | Snake:4  | Killed Agnes
 28467 | Snake:4  | HP: 5/176 [salamander tyrant (35)]
 28467 | Snake:4  | Asphyxiated

Illustrated notes

Levels and vault maps discovered:
D:1:      spicycebolla_arrival_clurvy, layout_basic, serial_shops,
          nicolae_shop_overgrown_old_shop, shop, shop, shop, minivault_25,
          feat_on_display
D:2:      minmay_general_purpose_star, layout_rooms,
          dreamdust_ecumenical_altar_angels_and_demons, basic_altar,
          serial_shops, shop, uniq_jessica
D:3:      kb_forest_paths, layout_loops_ring, uniq_robin
D:4:      layout_gridville, cheibrodos_sewer_entry_sluice, uniq_ijyb
D:5:      layout_basic, nicolae_gozag_cash_rules_everything_around_me,
          nicolae_ossuary_entry_monument
D:6:      layout_basic, zin_statuary, serial_shops, shop,
          kennysheep_flooded_box, dk_noncrumbling_2, kennysheep_generic_room_4
D:7:      layout_gridville, minmay_temple_entry_arrows
D:8:      layout_cave_pods, grunt_temple_overflow_open
D:9:      layout_gridville, grunt_dithmenos_smoke, enter_bailey_7
D:10:     layout_cave_pods, nemelex_xobeh_ov_fountains_minmay,
          mainiacjoe_overflow_concentric_impassable, dpeg_lair_monsters,
          uniq_harold
D:11:     layout_basic, david_orc_2, hangedman_fish_farm, uniq_sonja, uniq_lodul
D:12:     layout_loops_ring, enter_trove_6, serial_shops, shop, serial_undead,
          serial_undead_b, serial_undead_b, serial_undead_a, serial_undead_f
D:13:     layout_basic, skrybe_vaults_entry_preservation, gammafunk_ghost_icy,
          gauntlet_entry_generic, nicolae_specific_store, minmay_misc_feat_x,
          minmay_gold_behind_fungi
D:14:     layout_irregular_city, grunt_decor_resistance,
          nicolae_uskayaw_dance_hall
D:15:     gammafunk_depths_entry_grave, layout_irregular_city,
          minmay_strange_pillars
Lair:1:   layout_cave_pods, beast_lair_carwin_2
Lair:2:   layout_roguey, minmay_snake_entry_guardpost_small,
          grunt_forest_stairs_clearing
Lair:3:   mu_elephants_graveyard, layout_cave_shapes,
          mainiacjoe_swamp_entry_angry_trees, st_stairs_13, serial_bayou_ford_a,
          lemuel_oklob_altar, uniq_prince_ribbit2, uniq_fannar
Lair:4:   layout_regular_city, minmay_slime_entry_jelly_boxes,
          hangedman_lair_unloving_vines, grunt_forest_large_clearing_hut,
          uniq_kirke, uniq_nessos
Lair:5:   minmay_lair_end_frog_pond, layout_cave_pods
Snake:1:  layout_basic, minmay_shop_mayhem, grunt_megastairs_5, uniq_frances,
          uniq_rupert, uniq_asterion
Snake:2:  layout_onion
Snake:3:  layout_misc_corridors, lemuel_fruit_tree, minmay_shoptagon,
          uniq_nikola, uniq_aizul, uniq_vashnia
Snake:4:  grunt_snake_rune_serpentine_throne, layout_onion_interference,
          basic_altar, grunt_ministairs_6, uniq_agnes

Skill      XL: |  1  2  3  4  5  6  7  8  9 10 11 12 13 14 15 16 17 |
---------------+----------------------------------------------------+-----
Fighting       | 4 5 6 8 9 11 12 14 16 18 20 21 | 21.8
Axes           | 4 5 6 7 8 9 11 13 15 17 19 21 23 24 | 24.0
Armour         | 3 4 5 6 8 9 11 12 14 16 | 16.0
Dodging        | 3 4 7 8 |  8.8
Throwing       | 1 2 4 |  4.0
Evocations     | 3 4 |  4.0

Action                     |  1- 3 |  4- 6 |  7- 9 | 10-12 | 13-15 | 16-18 || total
---------------------------+-------+-------+-------+-------+-------+-------++-------
  Melee: Hand axe          |    52 |   174 |   263 |    45 |       |       ||   534
         Headbutt          |    11 |    21 |    67 |    89 |   142 |    83 ||   413
         War axe           |       |       |    76 |    75 |       |       ||   151
         Battleaxe         |       |       |       |   205 |       |   301 ||   506
         Broad axe         |       |       |       |    16 |       |       ||    16
         Executioner's axe |       |       |       |    92 |   650 |    80 ||   822
  Throw: Dart              |       |       |     6 |       |       |       ||     6
 Invoke: Berserk           |     1 |     1 |     3 |     7 |    11 |     5 ||    28
         Brothers in Arms  |       |       |       |       |     2 |     2 ||     4
         Trog's Hand       |       |       |       |       |     1 |     1 ||     2
  Evoke: Wand              |       |       |     4 |       |     5 |     8 ||    17
         Phantom mirror    |       |       |       |       |       |     1 ||     1
         Condenser vane    |       |       |       |       |       |     1 ||     1
    Use: Scroll            |       |     7 |     8 |     5 |    17 |     6 ||    43
         Potion            |       |       |     2 |       |     6 |    11 ||    19
   Stab: Paralysed         |       |       |     4 |       |       |       ||     4
         Invisible         |       |       |       |       |     1 |       ||     1
         Petrifying        |       |       |       |       |     1 |       ||     1
         Petrified         |       |       |       |       |     1 |       ||     1
 Armour: Animal skin       |    39 |     5 |       |       |       |       ||    44
         Scale mail        |       |   131 |   145 |       |       |       ||   276
         Plate armour      |       |       |   121 |    85 |       |       ||   206
         Chain mail        |       |       |       |   317 |   565 |   323 ||  1205
  Dodge: Dodged            |    39 |    82 |   124 |   235 |   300 |   149 ||   929
  Block: Other             |       |       |       |    79 |   216 |   112 ||   407

Table legend: (Time is in decaauts)
 A = Elapsed time spent in this place.
 B = Non-inter-level travel time spent in this place.
 C = Inter-level travel time spent in this place.
 D = Time resting spent in this place.
 E = Time spent auto-exploring this place.
 F = Levels seen in this place.
 G = Mean time per level.
                   A        B        C        D        E       F      G
               +--------+--------+--------+--------+--------+-----+--------+
         Total |  28475 |  26668 |   1807 |   1232 |  21075 |  28 | 1017.0 |
       Dungeon |  15333 |  14075 |   1258 |    184 |  11693 |  15 | 1022.2 |
          Lair |   7291 |   6827 |    464 |    625 |   5105 |   5 | 1458.2 |
     Snake Pit |   4037 |   3952 |     85 |    419 |   2942 |   4 | 1009.2 |
         Sewer |    548 |    548 |      0 |      2 |    447 |   1 |  548.0 |
       Ossuary |    496 |    496 |      0 |      0 |    371 |   1 |  496.0 |
        Bailey |    275 |    275 |      0 |      0 |    167 |   1 |  275.0 |
      Gauntlet |    492 |    492 |      0 |      1 |    348 |   1 |  492.0 |
               +--------+--------+--------+--------+--------+-----+--------+

Top non-repeatable levels by time:
  Lair:5: 1698 daAuts
     D:6: 1651 daAuts
  Lair:2: 1478 daAuts
  Lair:3: 1436 daAuts
 Snake:1: 1435 daAuts
     D:5: 1426 daAuts
  Lair:4: 1384 daAuts
     D:8: 1352 daAuts
  Lair:1: 1292 daAuts
 Snake:2: 1219 daAuts
    D:11: 1160 daAuts
     D:7: 1119 daAuts
    D:15: 1095 daAuts
     D:4: 1081 daAuts
     D:3: 944 daAuts
